 Dungeon Crawl Stone Soup version 0.31.0-11-ge490571c62 (webtiles) character file.

Game seed: 17044693157644215906

135 Aviak the Caller (level 4, 0/30 HPs)
             Began as a Demonspawn Summoner on Jan 26, 2024.
             Slain by a black bear (2 damage)
             ... on level 4 of the Dungeon.
             The game lasted 00:03:51 (2611 turns).

Aviak the Caller (Demonspawn Summoner)              Turns: 2611, Time: 00:03:51

Health: 0/30       AC:  3    Str:  8    XL:     4   Next: 96%
Magic:  2/8        EV: 12    Int: 17    God:
Gold:   213        SH:  4    Dex: 14    Spells: 6/9 levels left

rFire   . . .        e - +0 trident
rCold   . . .        (no shield)
rNeg    . . .        p - +0 leather armour {Will+}
rPois   .            (no helmet)
rElec   .            (no cloak)
rCorr   .            (no gloves)
SInv    .            (no boots)
Will    +....        (no amulet)
Stlth   ++           (no ring)
HPRegen 0.25/turn    (no ring)
MPRegen 0.11/turn

%: no passive effects
@: no status effects
A: hooves 1, large bone plates 1
a: no special abilities


You were on level 4 of the Dungeon.
You visited 1 branch of the dungeon, and saw 4 of its levels.

You collected 213 gold pieces.

Inventory:

Hand Weapons
 e - a +0 trident (weapon)
Armour
 a - a +0 robe
 p - a +0 leather armour of willpower (worn)
Wands
 j - a wand of digging (1)
Scrolls
 h - a scroll of vulnerability {unknown}
 i - 5 scrolls of identify {unknown}
 k - a scroll of revelation {unknown}
 m - a scroll of amnesia {unknown}
 q - a scroll of poison {unknown}
Potions
 b - a potion of magic
 c - a potion of brilliance {unknown}
 d - a potion of haste {unknown}
 f - a potion of degeneration {unknown}
 g - 2 potions of attraction {unknown}
 l - 3 potions of lignification {unknown}
 n - 2 potions of curing {unknown}
 o - a potion of cancellation {unknown}
 r - a potion of ambrosia {unknown}
 s - a potion of mutation {unknown}


   Skills:
 + Level 3.2 Dodging
 - Level 1.7 Stealth
 - Level 3.0 Spellcasting
 + Level 4.9 Summonings


You had 6 spell levels left.
You knew the following spells:

 Your Spells              Type           Power      Damage    Failure   Level
a - Summon Small Mammal   Summ           76%        N/A       3%          1
b - Call Imp              Summ           38%        N/A       5%          2

Your spell library contained the following spells:

 Spells                   Type           Power      Damage    Failure   Level
 Call Canine Familiar     Summ           19%        N/A       11%         3
 Summon Blazeheart Golem  Fire/Summ      10%        N/A       67%         4
 Summon Lightning Spire   Summ/Air       10%        N/A       67%         4


Dungeon Overview and Level Annotations

Branches:
Dungeon (4/15)
 Temple: D:4-7

Altars:
Makhleb


Innate Abilities, Weirdness & Mutations

You have large cloven feet.
You are partially covered in large bone plates. (SH +4)


Message History

Your cerulean imp hits the black bear but does no damage.
Your rat closely misses the black bear.
The black bear goes berserk!
Your cerulean imp hits the black bear from afar with a -3 spear.
You barely miss the black bear. Your kick misses the black bear.
The black bear is almost dead.
The black bear barely misses you.
The black bear claws you but does no damage.
The black bear claws you.
Your rat bites the black bear but does no damage.
The black bear misses you. The black bear claws you.
* * * LOW HITPOINT WARNING * * *
The black bear misses you.
Your cerulean imp hits the black bear but does no damage.
You swap places.
Your cerulean imp hits the black bear but does no damage.
The black bear bites your cerulean imp! The black bear claws your cerulean imp.
The black bear barely misses your cerulean imp.
Your rat bites the black bear but does no damage.
The black bear bites your cerulean imp.
Your cerulean imp dies!
Your cerulean imp disappears in a puff of smoke!
The black bear growls angrily.
You see here a scroll labelled GEGOGG UZUOXKO.
Okay, then.
Okay, then.
Casting: Summon Small Mammal (safe; 3% risk of failure)
Confirm with . or Enter, or press ? or * to list all spells.
A tiny devil pulls itself out of the air.
The black bear closely misses you. The black bear barely misses you.
The black bear claws you.
* * * LOW HITPOINT WARNING * * *
You closely miss the black bear. You kick the black bear.
The black bear is almost dead.
Your rat barely misses the black bear.
The black bear bites you.
* * * LOW HITPOINT WARNING * * *
The black bear claws you but does no damage.
The black bear barely misses you.
Your rat closely misses the black bear.
You block the black bear's attack. The black bear closely misses you.
The black bear claws you.
You die...

..##.........
............
.........#.
........ .....#
#...# #.r.#
#.h.# #.@.#
#.5.# #...#
#.#.# #...#
#<..#
..........#
.............
#........<.....


You could see a black bear (berserk, ally target), a friendly cerulean imp
(summoned) and a friendly rat (summoned).

Vanquished Creatures
  Jessica (D:3)
  4 gnolls
  An adder (D:3)
  A dart slug (D:1)
  5 ball pythons
  An endoplasm (D:3)
  A giant cockroach (D:3)
  5 goblins
  4 hobgoblins (D:2)
  4 jackals (D:2)
  A kobold (D:2)
  5 bats
  3 frilled lizards
36 creatures vanquished.

Vanquished Creatures (collateral kills)
  An adder (D:2)
  An endoplasm (D:2)
  2 goblins
  2 jackals (D:2)
  2 ball pythons (D:2)
  A bat (D:1)
  A kobold (D:2)
  A rat (D:1)
11 creatures vanquished.

Grand Total: 47 creatures vanquished

Notes
Turn   | Place    | Note
-------+----------+-------------------------------------------
     0 | D:1      | Aviak the Demonspawn Summoner began the quest for the Orb.
     0 | D:1      | Reached XP level 1. HP: 13/13 MP: 3/3
   339 | D:1      | Gained mutation: You are partially covered in large bone
                  | plates. (SH +4) [demonic ancestry]
   339 | D:1      | Reached XP level 2. HP: 19/19 MP: 1/5
   455 | D:1      | Found a faded altar of an unknown god.
   468 | D:1      | Learned a level 2 spell: Call Imp
   822 | D:2      | Gained mutation: You have large cloven feet. [demonic
                  | ancestry]
   822 | D:2      | Reached XP level 3. HP: 21/24 MP: 1/6
  1231 | D:2      | Reached XP level 4. HP: 12/30 MP: 5/8
  1907 | D:3      | Noticed Jessica
  1914 | D:3      | Killed Jessica
  2288 | D:3      | Found a burning altar of Makhleb.
  2289 | D:3      | Noticed a cacodemon
  2289 | D:3      | Noticed an angel
  2594 | D:4      | Noticed a black bear
  2611 | D:4      | Slain by a black bear

Illustrated notes

Levels and vault maps discovered:
D:1:      minmay_arrival_wavy_path, layout_basic,
          hellmonk_ecumenical_altar_lost_god, grunt_decor_resistance
D:2:      layout_loops_ring
D:3:      layout_basic, grunt_temple_overflow_order_and_chaos_2, uniq_jessica
D:4:      layout_basic, roderic_lattice_a, minmay_misc_feat_tower

Skill      XL: |  1  2  3  4 |
---------------+-------------+-----
Dodging        | 2 3 |  3.2
Spellcasting   | 3 |  3.0
Stealth        | |  1.7
Summonings     | |  4.9

Action                     |  1- 3 |  4- 6 || total
---------------------------+-------+-------++-------
  Melee: Trident           |    74 |    54 ||   128
         Kick              |     6 |    12 ||    18
         Punch             |     1 |       ||     1
   Cast: Summon Small Mamm |    10 |     8 ||    18
         Call Imp          |     8 |    10 ||    18
   Stab: Sleeping          |     3 |     3 ||     6
 Armour: Robe              |    33 |    10 ||    43
         Leather armour    |       |    26 ||    26
  Dodge: Dodged            |    50 |    30 ||    80
  Block: Other             |    10 |    13 ||    23
